 Dungeon Crawl Stone Soup version 0.32-a0-666-ge8a88695a4 (webtiles) character file.

Game seed: 17474213584208747092

4076 cforsyth the Scholar of Death (level 10, 0/87 (96) HPs)
             Began as a Mountain Dwarf Necromancer on Mar 9, 2024.
             Was a Follower of Kikubaaqudgha.
             Slain by a wight
             ... wielding a +3 spear
              (3 damage)
             ... on level 8 of the Dungeon.
             The game lasted 00:19:46 (10487 turns).

cforsyth the Scholar of Death (MDNe)               Turns: 10487, Time: 00:19:47

HP:   0/87 (96)     AC:  7    Str: 12    XL:     10   Next: 5%
MP:   11/11         EV:  7    Int: 23    God:    Kikubaaqudgha [*.....]
Gold: 512           SH:  5    Dex: 14    Spells: 7/12 levels left

rFire   . . .        v - +3 battleaxe
rCold   . . .        (shield currently unavailable)
rNeg    . . .        i - +0 chain mail
rPois   .            (no helmet)
rElec   .            (no cloak)
rCorr   .            (no gloves)
SInv    .            l - +0 pair of boots
Will    +....        d - amulet of reflection Stlth
                     I - +6 ring of intelligence
HPRegen 0.34/turn    (no ring)
MPRegen 0.12/turn

%: reflection
@: silenced, corroded, slowed, drained, very slow
A: runic magic, artefact enchanting, agile 1, low MP 1, wild magic 1, noise
suppression
a: Renounce Religion


You were on level 8 of the Dungeon.
You worshipped Kikubaaqudgha.
Kikubaaqudgha was aware of your devotion.
You visited 1 branch of the dungeon, and saw 8 of its levels.
You also visited: Sewer.

You collected 512 gold pieces.


Innate Abilities, Weirdness & Mutations

Your spellcasting is much less encumbered by armour.
You can use scrolls of enchantment on lesser artefacts.
You are agile. (Dex +4, Str/Int -1)
Your magical capacity is low. (-10% MP)
Your spells are a little harder to cast, but a little more powerful.
You passively dampen the noise of your surroundings.


   Skills:
 - Level 11.2 Fighting
 + Level 6.8 Axes
 + Level 6.2 Armour
 - Level 1.3 Dodging
 - Level 1.4 Stealth
 - Level 1.7 Spellcasting
 - Level 12.1 Necromancy


You had 7 spell levels left.
You knew the following spells:

 Your Spells              Type           Power      Damage    Failure   Level
a - Animate Dead          Necr           66%        N/A       3%          4
X - Necrotise             Necr           100%       1d9       1%          1

Your spell library contained the following spells:

 Spells                   Type           Power      Damage    Failure   Level
 Fugue of the Fallen      Necr           66%        N/A       1%          3
 Vampiric Draining        Necr           66%        2d10      1%          3
 Kiss of Death            Conj/Necr      100%       2d13      4%          1
 Curse of Agony           Necr           66%        N/A       8%          5
 Sting                    Conj/Alch      8%         1d3       34%         1
 Mercury Vapours          Alch/Air       4%         N/A       47%         2
 Inner Flame              Hex/Fire       2%         N/A       71%         3
 Ozocubu's Armour         Ice            2%         N/A       71%         3
 Flame Wave               Conj/Fire      2%         2d4       97%         4
 Ignite Poison            Fire/Alch      2%         N/A       97%         4
 Manifold Assault         Tloc           2%         N/A       97%         4
 Olgreb's Toxic Radiance  Alch           2%         N/A       97%         4
 Sticky Flame             Fire/Alch      2%         2d4       97%         4
 Ignition                 Fire           1%         3d3       100%        8

Inventory:

Hand Weapons
 j - a +0 club
 v - a +3 battleaxe (weapon)
Missiles
 p - 2 curare-tipped darts {=f}
Armour
 a - a +0 robe
 i - a +0 chain mail (worn)
 l - a +0 pair of boots (worn)
Jewellery
 d - an amulet of reflection (around neck)
 I - a +6 ring of intelligence (left hand)
Wands
 y - a wand of flame (23)
 A - a wand of charming (9)
Scrolls
 c - a scroll of fog
 e - a scroll of revelation
 h - 4 scrolls of immolation
 k - a scroll of poison {unknown}
 s - a scroll of enchant weapon {unknown}
 w - a scroll of blinking
Potions
 b - a potion of magic
 f - a potion of invisibility
 m - a potion of curing {@q1}
 n - a potion of heal wounds {@q2}
 r - 3 potions of enlightenment
 u - a potion of attraction
 x - a potion of haste {@q3}
Miscellaneous
 q - a lightning rod (4/4)

Dungeon Overview and Level Annotations

Branches:
Dungeon (8/15)             Temple (0/1) D:6           Sewer (visited)
   Lair: D:8-11

Altars:
Ashenzari
Dithmenos
Fedhas
Kikubaaqudgha
Nemelex Xobeh
Yredelemnul
Zin

Shops:
D:7

* .# ..... #.......... ># .....
#.......... .####
....####.......... ....#
#########................ ....#
#...'...#................ ....#
#...#...#................ ....###
#'#######............W.†.
......###..##...##.D.....#####...
......#....#....@#.......#...#...
......#....#.....Wz......#...#...
......#....#.....#)......#...'...
......#....#.....#.......'...#...
..)...#.##########.......##..#..W
..<..##.##.## #....#####..#...
.....#...#... #....# +..#...
.....#...#.. #....# #..#...
.....##.##.#######....# #..#...


You could see a wraith and a wight.


Message History

* * * LOW HITPOINT WARNING * * *
The wraith drains your vigour!
You feel yourself slow down.
Okay, then.
Unknown command.
It was a potion of mutation.
You feel extremely strange.
You feel less in control of your magic.
You feel less energetic.
You feel your surroundings grow quieter.
You feel agile.
The wight hits you from afar with a +3 spear.
* * * LOW HITPOINT WARNING * * *
The wraith hits you but does no damage. The wight hits you but does no damage.
The wraith hits you.
* * * LOW HITPOINT WARNING * * *
The wraith drains your vigour!
You feel as though you will be slow longer.
Unknown command.
Unknown command.
As you read the scroll labelled BAUHIA CIAZU, it crumbles to dust.
You hear a loud clanging noise!
It was a scroll of noise.
You block the wight's attack. The wraith hits you!
* * * LOW HITPOINT WARNING * * *
Unknown command.
As you read the scroll labelled DOUNIYNOTY, it crumbles to dust.
A profound silence engulfs you.
It was a scroll of silence.
The wight hits you from afar with a +3 spear!
* * * LOW HITPOINT WARNING * * *
You feel drained.
You die...
Kikubaaqudgha rasps: You have failed me!
Welcome... death!

Skill      XL: |  1  2  3  4  5  6  7  8  9 |
---------------+----------------------------+-----
Fighting       | 1 2 3 4 5 11 | 11.2
Necromancy     | 5 6 7 12 | 12.1
Axes           | 3 6 |  6.8
Armour         | 3 6 |  6.2
Dodging        | |  1.3
Stealth        | |  1.4
Spellcasting   | |  1.7

Action                     |  1- 3 |  4- 6 |  7- 9 | 10-12 || total
---------------------------+-------+-------+-------+-------++-------
  Melee: Unarmed           |    54 |       |       |       ||    54
         Punch             |     2 |       |       |       ||     2
         Club              |    39 |     6 |    80 |       ||   125
         Battleaxe         |       |       |    50 |     7 ||    57
   Cast: Necrotise         |    64 |   126 |   242 |       ||   432
  Evoke: Wand              |       |       |     8 |       ||     8
         Lightning rod     |       |       |     6 |       ||     6
    Use: Potion            |     1 |     2 |     1 |     2 ||     6
         Scroll            |       |     6 |     4 |     2 ||    12
   Stab: Held in net/web   |     1 |       |       |       ||     1
 Armour: Robe              |    58 |    40 |    15 |       ||   113
         Chain mail        |       |       |   216 |    24 ||   240
  Dodge: Dodged            |    60 |    27 |    89 |     3 ||   179
  Block: Other             |    10 |    13 |    70 |     4 ||    97
         Reflection        |     1 |       |     5 |       ||     6

Levels and vault maps discovered:
D:1:      heliophobic_arrival_dark_side_of_the_moon, layout_rooms,
          shapermc_ecumenical_altar_pompeii
D:2:      layout_rooms, serial_aquarium, aquarium_bridge_square
          [aquarium_subvault_window, aquarium_subvault_bridge,
          aquarium_subvault_wall, aquarium_subvault_window],
          aquarium_bridge_square [aquarium_subvault_bridge,
          aquarium_subvault_wall, aquarium_subvault_balcony,
          aquarium_subvault_bridge], aquarium_window_fake, aquarium_window_1,
          aquarium_window_fake, aquarium_view_2b, aquarium_view_2d,
          aquarium_pool_four, basic_altar, grunt_decor_clamped, minmay_tall_x
D:3:      layout_loops_ring, grunt_decor_one_mirror
D:4:      layout_rooms
D:5:      layout_loops_ring, nicolae_overflow_crystal_walls,
          mainiacjoe_overflow_alcove_2, gup_sewer_entry_spiral, minmay_pentangle
D:6:      layout_basic, grunt_dithmenos_shadows, old_standard_altar,
          zin_scriptorium, temple_fountains, lemuel_flamethrower_1, uniq_duvessa
D:7:      layout_layer_cave, overflow_temple_1_default, serial_library,
          serial_library_hellmonk_junction,
          serial_library_regret_index_branch_corner,
          serial_library_hellmonk_open_square,
          serial_library_hellmonk_open_cross,
          serial_library_hellmonk_angled_corner, nicolae_shop_gadgets,
          uniq_pikel, uniq_jeremiah, uniq_menkaure
D:8:      layout_gridville, serial_shops, shop

Notes
Turn   | Place    | Note
-------+----------+-------------------------------------------
     0 | D:1      | cforsyth the Mountain Dwarf Necromancer began the quest for
                  | the Orb.
     0 | D:1      | Reached XP level 1. HP: 14/14 MP: 3/3
   271 | D:1      | Reached skill level 1 in Fighting
   284 | D:1      | Reached XP level 2. HP: 12/23 MP: 0/4
   758 | D:1      | Reached skill level 5 in Necromancy
   779 | D:1      | Found a faded altar of an unknown god.
   905 | D:2      | Reached skill level 2 in Fighting
   905 | D:2      | Reached XP level 3. HP: 29/29 MP: 3/5
  1180 | D:2      | HP: 2/43 [ribbon worm (4)]
  1683 | D:2      | Found a broken altar of Ashenzari.
  1696 | D:2      | Reached XP level 4. HP: 14/37 MP: 0/6
  2360 | D:3      | Noticed a scorpion
  2395 | D:3      | Killed a scorpion
  2396 | D:3      | Reached skill level 3 in Fighting
  2396 | D:3      | Reached XP level 5. HP: 26/45 MP: 5/7
  2557 | D:3      | Reached skill level 4 in Fighting
  2557 | D:3      | Reached skill level 6 in Necromancy
  3623 | D:4      | Reached XP level 6. HP: 39/53 MP: 2/8
  3948 | D:4      | Reached skill level 5 in Fighting
  4081 | D:4      | Reached skill level 7 in Necromancy
  4380 | D:5      | Entered Level 5 of the Dungeon
  4418 | D:5      | Identified a potion of experience
  4421 | D:5      | Noticed an ice beast
  4421 | D:5      | Noticed a two-headed ogre
  4494 | D:5      | Reached XP level 7. HP: 55/61 MP: 3/9
  4532 | D:5      | Reached skill level 11 in Fighting
  4532 | D:5      | Reached skill level 12 in Necromancy
  4532 | D:5      | Reached XP level 8. HP: 29/82 MP: 4/10
  4654 | D:5      | Found a glowing drain.
  4658 | Sewer    | Entered a sewer
  5271 | Sewer    | Reached skill level 1 in Axes
  5271 | Sewer    | Reached skill level 1 in Armour
  5424 | D:5      | Found an ancient bone altar of Kikubaaqudgha.
  5442 | D:5      | Found a blossoming altar of Fedhas.
  5447 | D:5      | Identified the +3 dagger "Beetlebane" {speed, ^Drain rPois
                  | Int+4 SInv}
  5844 | D:5      | Reached skill level 2 in Axes
  6024 | D:5      | Reached skill level 2 in Armour
  6609 | D:5      | Became a worshipper of Kikubaaqudgha
  6624 | D:6      | Found a staircase to the Ecumenical Temple.
  6647 | D:6      | Reached skill level 3 in Axes
  6656 | D:6      | Reached skill level 3 in Armour
  6961 | D:6      | Reached XP level 9. HP: 68/89 MP: 2/11
  7140 | D:6      | Noticed Duvessa
  7191 | D:6      | Killed Duvessa
  7193 | D:6      | Noticed Dowan
  7299 | D:6      | Killed Dowan
  7300 | D:6      | Reached skill level 4 in Axes
  7380 | D:6      | Found a glowing silver altar of Zin.
  7421 | D:6      | Found a sparkling altar of Nemelex Xobeh.
  7564 | D:6      | Found a shadowy altar of Dithmenos.
  7817 | D:7      | Reached skill level 4 in Armour
  7886 | D:7      | Noticed Pikel
  7979 | D:7      | Noticed Jeremiah
  8019 | D:7      | Killed Jeremiah
  8119 | D:7      | Noticed Menkaure
  8128 | D:7      | Killed Menkaure
  8129 | D:7      | Reached skill level 5 in Axes
  8760 | D:7      | Reached skill level 5 in Armour
  8812 | D:7      | Killed Pikel
  8813 | D:7      | Reached skill level 6 in Axes
  9047 | D:7      | Found a basalt altar of Yredelemnul.
  9438 | D:7      | Found Richaurph's Gadget Gallery.
 10101 | D:8      | Reached skill level 6 in Armour
 10101 | D:8      | Reached * piety under Kikubaaqudgha
 10101 | D:8      | Received a gift from Kikubaaqudgha
 10109 | D:8      | Learned a level 4 spell: Animate Dead
 10350 | D:8      | Reached XP level 10. HP: 96/96 MP: 12/12
 10482 | D:8      | HP: 8/89 [wight/+3 spear (2)]
 10485 | D:8      | Gained mutation: Your spells are a little harder to cast,
                  | but a little more powerful. [potion of mutation]
 10485 | D:8      | Gained mutation: Your magical capacity is low. (-10% MP)
                  | [potion of mutation]
 10485 | D:8      | Gained mutation: You passively dampen the noise of your
                  | surroundings. [potion of mutation]
 10485 | D:8      | Gained mutation: You are agile. (Dex +4, Str/Int -1)
                  | [potion of mutation]
 10487 | D:8      | HP: 3/90 [wight/+3 spear (9)]
 10487 | D:8      | Slain by a wight

Vanquished Creatures
  Pikel (D:7)
  Jeremiah (D:7)
  A wyvern (D:7)
  Menkaure (D:7)
  Duvessa (D:6)
  An orc warrior (D:6)
  An ice beast (D:7)
  A sky beast (D:7)
  2 ogres
  3 lemures
  7 bullfrogs
  A gnoll sergeant (D:7)
  4 scorpions
  6 wights
  Dowan (D:6)
  A jelly (D:5)
  A bombardier beetle (D:7)
  A hound (D:5)
  4 orc priests
  2 iguanas
  2 sleepcaps
  8 orc wizards
  11 gnolls
  8 adders
  A shadow imp (D:6)
  A white imp (D:6)
  2 ufetubi (D:7)
  4 ribbon worms
  5 dart slugs
  19 orcs
  8 bats
  11 endoplasms
  10 giant cockroaches
  5 goblins
  13 hobgoblins
  8 kobolds
  4 quokkas
  17 ball pythons
  6 frilled lizards (Sewer)
  6 rats
190 creatures vanquished.

Vanquished Creatures (collateral kills)
  An adder (D:2)
  4 dart slugs (Sewer)
  An orc (D:8)
  5 endoplasms (Sewer)
  5 giant cockroaches
  3 goblins
  3 ball pythons
  4 frilled lizards (Sewer)
  A rat (D:2)
27 creatures vanquished.

Grand Total: 217 creatures vanquished

Table legend: (Time is in decaauts)
 A = Elapsed time spent in this place.
 B = Non-inter-level travel time spent in this place.
 C = Inter-level travel time spent in this place.
 D = Time resting spent in this place.
 E = Time spent auto-exploring this place.
 F = Levels seen in this place.
 G = Mean time per level.
                   A        B        C        D        E       F      G
               +--------+--------+--------+--------+--------+-----+--------+
         Total |  10669 |  10379 |    290 |   1525 |   6631 |   9 | 1185.4 |
       Dungeon |   9901 |   9611 |    290 |   1480 |   6203 |   8 | 1237.6 |
         Sewer |    768 |    768 |      0 |     45 |    428 |   1 |  768.0 |
               +--------+--------+--------+--------+--------+-----+--------+

Top non-repeatable levels by time:
     D:5: 1854 daAuts
     D:7: 1771 daAuts
     D:3: 1384 daAuts
     D:6: 1378 daAuts
     D:2: 1305 daAuts
     D:1: 901 daAuts
     D:4: 812 daAuts
   Sewer: 768 daAuts
     D:8: 493 daAuts

Table legend:
 A = Non-vault XP
 B = Vault XP
 C = Vault XP percentage of total XP
 D = Non-vault monster count
 E = Vault monster count
 F = Vault count percentage of total count
                 A         B        C        D         E       F
            +---------+---------+-------+---------+---------+-------
      Total |    3225 |    1850 |  36.5 |     141 |      73 |  34.1
            +---------+---------+-------+---------+---------+-------
        D:1 |      40 |       0 |   0.0 |      24 |       0 |   0.0
        D:2 |      62 |       7 |  10.1 |      21 |       4 |  16.0
        D:3 |     231 |       0 |   0.0 |      17 |       0 |   0.0
        D:4 |     318 |       0 |   0.0 |      21 |       0 |   0.0
        D:5 |     416 |      87 |  17.3 |      14 |      10 |  41.7
        D:6 |     718 |     229 |  24.2 |      13 |       3 |  18.8
        D:7 |     958 |    1201 |  55.6 |      19 |       3 |  13.6
        D:8 |     482 |       0 |   0.0 |      12 |       0 |   0.0
      Sewer |       0 |     326 | 100.0 |       0 |      53 | 100.0
            +---------+---------+-------+---------+---------+-------
